 Dungeon Crawl Stone Soup version 0.18.1-50-g88ac8fd (webtiles) character file.

156 Kurtz the Insei (level 5, 0/41 HPs)
             Began as a Mummy Monk on Aug 9, 2018.
             Slain by an adder (4 damage)
             ... on level 3 of the Dungeon.
             The game lasted 00:02:42 (3624 turns).

Kurtz the Insei (Mummy Monk)                        Turns: 3624, Time: 00:02:42

Health: 0/41       AC:  1    Str: 14    XL:     5   Next: 15%
Magic:  5/5        EV: 13    Int: 10    God:
Gold:   120        SH:  0    Dex: 15    Spells: 0 memorised, 4 levels left

rFire  x . .     SeeInvis .       - Unarmed
rCold  + . .     Gourm    .     (no armour)
rNeg   + + +     Faith    .     (no shield)
rPois  ∞         Spirit   .     e - +0 helmet
rElec  .         Dismiss  .     (no cloak)
rCorr  .         Reflect  .     (no gloves)
SustAt .         Harm     .     (no boots)
MR     .....                    (no amulet)
Stlth  ++........               (no ring)
                                (no ring)

@: not resistant to hostile enchantments, unstealthy
A: no food or potions, fire vulnerability, cold resistance 1, negative energy
resistance 3, torment resistance, unbreathing
a: no special abilities


You were on level 3 of the Dungeon.
You were not hungry.

You visited 1 branch of the dungeon, and saw 5 of its levels.

You collected 120 gold pieces.

Inventory:

Armour
 e - a +0 helmet (worn)
Jewellery
 g - a +4 ring of intelligence {unknown}
Scrolls
 a - 2 scrolls of random uselessness {unknown}
 b - 4 scrolls of teleportation {unknown}
 c - 2 scrolls of recharging {unknown}
 d - a scroll of amnesia {unknown}
Comestibles
 f - 3 fruits


   Skills:
 - Level 3.0 Fighting
 - Level 2.4 Dodging
 * Level 2.3 Stealth
 * Level 5.1 Unarmed Combat


You had 4 spell levels left.
You didn't know any spells.

Dungeon Overview and Level Annotations

Branches:
Dungeon (5/15)
 Temple: D:4-7

Altars:

Annotations:
D:3 Grinder, Robin
D:4 exclusion: downstairs


Innate Abilities, Weirdness & Mutations

You do not eat or drink.
Your flesh is vulnerable to fire.
You are immune to poison.
Your flesh is cold resistant.
You are immune to negative energy.
You are immune to unholy pain and torment.
You can survive without breathing.


Message History

You closely miss the adder. Your punch misses the adder.
The adder is almost dead.
The adder misses you. The adder bites you.
* * * LOW HITPOINT WARNING * * *
You miss the adder.
The adder is almost dead.
The adder bites you but does no damage.
You barely miss the adder.
The adder is almost dead.
The adder misses you.
You barely miss the adder.
The adder is almost dead.
The adder barely misses you.
You completely miss the adder.
The adder is almost dead.
The adder completely misses you.
You closely miss the adder.
The adder is almost dead.
The adder bites you.
You die...

#(# #>....†..# ##.#.##
#.# #####.#.####.#
#.###.# #.# #.......##
#.# ##.#.## #(#
#.###....###.# ##.##
#.####.##......##.# #.#
#.(............##.#####.#
######......K...........#
#######S############ #@#
#.# #.# #.###########
#.##........#
#.##....g.<.# ###
###.##...g.g..### #.. ..#
#.....g..........# #.#
#.# #.#.##.†......##.#


You could see an adder and a kobold.

Vanquished Creatures
  A centaur skeleton (D:4)
  5 adders
  2 oozes
  2 worms
  2 dart slugs
  A giant gecko (D:1)
  An orc (D:4)
  5 bats
  3 giant cockroaches (D:1)
  10 goblins
  9 hobgoblins
  4 jackals (D:1)
  A quokka (D:2)
  4 giant newts
  2 kobolds (D:1)
  15 rats
67 creatures vanquished.

Notes
Turn   | Place    | Note
--------------------------------------------------------------
     0 | D:1      | Kurtz the Mummy Monk began the quest for the Orb.
     0 | D:1      | Reached XP level 1. HP: 18/18 MP: 1/1
   127 | D:1      | Reached XP level 2. HP: 23/24 MP: 2/2
   252 | D:1      | Reached skill level 4 in Unarmed Combat
   595 | D:1      | Reached XP level 3. HP: 27/29 MP: 3/3
  1992 | D:2      | Reached XP level 4. HP: 23/35 MP: 4/4
  2669 | D:3      | Noticed Robin
  2895 | D:3      | Noticed Grinder
  3290 | D:4      | Reached skill level 5 in Unarmed Combat
  3290 | D:4      | Reached XP level 5. HP: 26/41 MP: 5/5
  3404 | D:5      | Entered Level 5 of the Dungeon
  3404 | D:5      | Noticed a centaur
  3624 | D:3      | Slain by an adder

Skill      XL: |  1  2  3  4 |
---------------+-------------+-----
Unarmed Combat | 4 5 |  5.1
Stealth        | 2 |  2.3
Fighting       | |  3.0
Dodging        | |  2.4

Action                   |  1- 3 |  4- 6 || total
-------------------------+-------+-------++-------
Melee: Unarmed           |   141 |    99 ||   240
       Punch             |     2 |     6 ||     8
 Stab: Sleeping          |     5 |     1 ||     6
Armor: Skin              |       |     9 ||     9
Dodge: Dodged            |    83 |    62 ||   145
